 Dungeon Crawl Stone Soup version 0.31-a0-700-gf13585253f (webtiles) character file.

Game seed: 6233494645425921320

106 qw the Shooter (level 4, -1/28 HPs)
             Began as a Gargoyle Hunter on Sept 7, 2023.
             Slain by Natasha (2 damage)
             ... on level 3 of the Dungeon.
             The game lasted 00:00:40 (1310 turns).

qw the Shooter (Gargoyle Hunter)                    Turns: 1310, Time: 00:00:41

Health: -1/28      AC:  6    Str: 14    XL:     4   Next: 84%
Magic:  0/0        EV: 12    Int: 10    God:
Gold:   96         SH:  0    Dex: 19    Spells: 3/3 levels left

rFire   . . .        Y - +0 shortbow
rCold   . . .        (shield currently unavailable)
rNeg    + + .        b - +1 robe of the Eternal Fruit {rN+ MP-9 Dex+4}
rPois   inf          (no helmet)
rElec   +            (no cloak)
rCorr   .            (no gloves)
SInv    .            (no boots)
Will    .....        (no amulet)
Stlth   ++           (no ring)
HPRegen 0.24/turn    (no ring)
MPRegen 0.07/turn

%: no passive effects
@: no status effects
A: sickness immunity, AC +3, negative energy resistance 1, electricity
resistance, torment resistance 1, petrification resistance
a: no special abilities


You were on level 3 of the Dungeon.
You visited 1 branch of the dungeon, and saw 3 of its levels.

You collected 96 gold pieces.


Innate Abilities, Weirdness & Mutations

You are immune to sickness and miasma.
Your stone body is resilient. (AC +3)
You are immune to poison.
You resist negative energy. (rN+)
You are resistant to electric shocks. (rElec)
You are resistant to unholy torment.
You are immune to petrification.


   Skills:
 - Level 3.0 Fighting
 + Level 5.5 Ranged Weapons
 - Level 1.0 Armour
 - Level 1.5 Dodging
 - Level 1.1 Stealth


You had 3 spell levels left.
You didn't know any spells.
Your spell library was empty.

Inventory:

Hand Weapons
 Y - a +0 shortbow (weapon)
Armour
 b - the +1 robe of the Eternal Fruit (worn) {rN+ MP-9 Dex+4}
   (You found it on level 2 of the Dungeon)

   Dex+4:     It affects your dexterity (+4).
   rN+:       It protects you from negative energy.
   MP-9:      It affects your magic capacity (-9).
Scrolls
 k - a scroll of identify
Potions
 e - a potion of cancellation {unknown}
 f - a potion of haste {unknown}
 g - a potion of berserk rage {unknown}
 h - a potion of might {unknown}
 l - a potion of curing {unknown}
 m - a potion of magic {unknown}

Dungeon Overview and Level Annotations

Branches:
Dungeon (3/15)

Altars:
Fedhas
Qazlal
Uskayaw

Shops:
D:2 [

Annotations:
D:3 Natasha


Message History

Enter note:
1302 ||| Stepping ~*~*~tactically~*~*~ (retreating).
Natasha stares at you and mumbles some strange words.
You resist with some effort.
Enter note:
1303 |||
Found retreat position at 2,0 (floor) with 0 blocking monsters and 2 monsters attacking at destination at distance 2 x2
1303 ||| RETREATING.
Enter note:
1304 |||
Found retreat position at 1,0 (floor) with 0 blocking monsters and 2 monsters attacking at destination at distance 1
Enter note: You shoot an arrow.
The arrow closely misses Natasha.
Natasha completely misses you.
You shoot an arrow. The arrow hits Natasha!
Natasha is heavily wounded.
The cerulean imp hits you from afar with a +2 spear.
Natasha claws you.
You shoot an arrow.
The arrow hits Natasha but does no damage.
Natasha is heavily wounded.
The cerulean imp hits you from afar with a +2 spear.
Natasha mumbles some strange words.
Natasha's front paws start to glow.
Natasha claws you!
You shoot an arrow.
The arrow hits Natasha but does no damage.
Natasha is heavily wounded.
The cerulean imp hits you from afar with a +2 spear.
Natasha claws you.
You shoot an arrow. The arrow closely misses Natasha.
The arrow closely misses the cerulean imp.
The arrow hits the cerulean imp.
The cerulean imp is lightly wounded.
The cerulean imp barely misses you. Natasha claws you.
You shoot an arrow.
The arrow hits Natasha but does no damage.
Natasha is heavily wounded.
The cerulean imp hits you from afar with a +2 spear.
Natasha claws you.
You die...
Natasha begins licking her fur clean.

#......)..# ##...##
#.........# ##...#
#........... #...##
#...>.....## ##...#
#......<..# #...##
#.........# ##...# .......
#...# ....5.. #############
#...# .....5.
###55h@.......####.##
#.....##..5####........##.#
##...### ##..#####.##.#
#.######^##~.####..##
#....# .........#_~~#.....#
##.### ..######.#.#~#.###>#
#.# ##.~.^.#.# #.# #..
#........# #.# ####
#.....P....####.####


You could see Natasha and 3 cerulean imps.

Vanquished Creatures
  Jessica (D:2)
  3 adders (D:2)
  3 worms
  5 ball pythons
  3 endoplasms
  A giant cockroach (D:1)
  3 goblins
  3 hobgoblins
  2 quokkas
  5 bats
  5 frilled lizards
  6 kobolds
  7 rats
47 creatures vanquished.

Notes
Turn   | Place    | Note
-------+----------+-------------------------------------------
     0 | D:1      | qw the Gargoyle Hunter began the quest for the Orb.
     0 | D:1      | Reached XP level 1. HP: 12/12 MP: 1/1
     0 | D:1      | 0 ||| qw: Version: 0.3-a-76-g4403597
     0 | D:1      | 0 ||| qw: Game counter: 712
     0 | D:1      | 0 ||| qw: Melee chars always use a shield: true
     0 | D:1      | 0 ||| qw: God list: Okawaru
     0 | D:1      | 0 ||| qw: Allow faded altars: false
     0 | D:1      | 0 ||| qw: Do Orc after clearing Dungeon:15 true
     0 | D:1      | 0 ||| qw: Do second Lair branch before Depths: true
     0 | D:1      | 0 ||| qw: Lair rune preference: random
     0 | D:1      | 0 ||| qw: Goals: Normal
     0 | D:1      | 0 ||| PLANNING D:1-11
    96 | D:1      | Reached XP level 2. HP: 17/17 MP: 2/2
   685 | D:1      | 685 ||| UPGRADING to +0 ring mail.
   695 | D:1      | 695 ||| DROPPING +0 leather armour.
   696 | D:1      | 696 ||| READING scroll labelled MEME AROBB.
   697 | D:1      | 697 ||| READING scroll labelled RIUFOH UTSANOA.
   702 | D:1      | 702 ||| READING 3 scrolls labelled ZOIBUVVITY.
   703 | D:1      | 703 ||| DROPPING scroll of butterflies.
   704 | D:1      | 704 ||| DROPPING 2 scrolls of fear.
   728 | D:2      | 728 ||| STAIRDANCE
   732 | D:1      | Reached XP level 3. HP: 21/21 MP: 3/3
   766 | D:2      | Reached skill level 1 in Armour
   810 | D:2      | Noticed Jessica
   814 | D:2      | Killed Jessica
   815 | D:2      | Reached skill level 5 in Ranged Weapons
   815 | D:2      | Reached XP level 4. HP: 26/26 MP: 4/4
   818 | D:2      | Found Qity's Antique Armour Emporium.
   826 | D:2      | 826 ||| SHOPLISTING dyed leather armour (110 gold, have
                  | 28).
   826 | D:2      | 826 ||| SHOPLISTING pair of embroidered boots (165 gold,
                  | have 28).
   834 | D:2      | Found a hide-covered altar of Uskayaw.
   910 | D:2      | Identified the +1 robe of the Eternal Fruit {rN+ MP-9
                  | Dex+4}
  1006 | D:2      | Reached skill level 3 in Fighting
  1132 | D:2      | 1132 ||| UPGRADING to +3 leather armour.
  1142 | D:2      | 1142 ||| UPGRADING to +1 robe of the Eternal Fruit {rN+
                  | MP-9 Dex+4}.
  1152 | D:2      | 1152 ||| DROPPING +3 leather armour.
  1153 | D:2      | 1153 ||| DROPPING +0 ring mail.
  1154 | D:2      | 1154 ||| READING scroll labelled YWATOA LAKIWA.
  1155 | D:2      | 1155 ||| READING scroll labelled LAOMIS ARAJIEL.
  1156 | D:2      | 1156 ||| READING scroll labelled MUOSAI XIMOGG.
  1271 | D:3      | Found a blossoming altar of Fedhas.
  1279 | D:3      | Found a stormy altar of Qazlal.
  1291 | D:3      | Noticed Natasha
  1297 | D:3      | 1297 ||| Stepping ~*~*~tactically~*~*~ (retreating).
  1298 | D:3      | 1298 ||| Stepping ~*~*~tactically~*~*~ (outnumbered).
  1300 | D:3      | 1300 ||| Stepping ~*~*~tactically~*~*~ (retreating).
  1301 | D:3      | 1301 ||| Stepping ~*~*~tactically~*~*~ (retreating).
  1302 | D:3      | 1302 ||| Stepping ~*~*~tactically~*~*~ (retreating).
  1303 | D:3      | 1303 ||| RETREATING.
  1308 | D:3      | HP: 6/28 [Natasha (2)]
  1310 | D:3      | HP: 1/28 [cerulean imp/+2 spear[Natasha] (2)]
  1310 | D:3      | Slain by Natasha

Levels and vault maps discovered:
D:1:      shiori_arrival_maze, layout_loops_ring, minmay_tromino_v2
D:2:      layout_basic, serial_shops, shop, basic_altar, uniq_jessica
D:3:      layout_rooms, grunt_temple_overflow_forces_of_nature, okawaru_trees_2,
          eat_drink_and_be_merry_uskayaw, serial_curves, eino_curves_02,
          eino_curves_01, minmay_unequal, uniq_natasha, uniq_robin

Skill      XL: |  1  2  3  4 |
---------------+-------------+-----
Armour         | 1 |  1.0
Ranged Weapons | 5 |  5.5
Fighting       | 3 |  3.0
Dodging        | |  1.5
Stealth        | |  1.1

Action                     |  1- 3 |  4- 6 || total
---------------------------+-------+-------++-------
   Fire: Shortbow          |    92 |    65 ||   157
    Use: Scroll            |     3 |     3 ||     6
 Armour: Leather armour    |     5 |       ||     5
         Ring mail         |    14 |    10 ||    24
         Robe              |       |    15 ||    15
  Dodge: Dodged            |    28 |    16 ||    44

Table legend:
 A = Non-vault XP
 B = Vault XP
 C = Vault XP percentage of total XP
 D = Non-vault monster count
 E = Vault monster count
 F = Vault count percentage of total count
                 A         B        C        D         E       F
            +---------+---------+-------+---------+---------+-------
      Total |     110 |      42 |  27.6 |      42 |       5 |  10.6
            +---------+---------+-------+---------+---------+-------
        D:1 |      27 |       5 |  15.6 |      18 |       4 |  18.2
        D:2 |      74 |      37 |  33.3 |      20 |       1 |   4.8
        D:3 |       9 |       0 |   0.0 |       4 |       0 |   0.0
            +---------+---------+-------+---------+---------+-------
